 Dungeon Crawl Stone Soup version 0.21-a0-515-g8d4ebbe (webtiles) character file.

55 BingusPrime the Poker (level 3, -6/25 HPs)
             Began as a Merfolk Gladiator on Dec 2, 2017.
             Killed from afar by Sigmund (9 damage)
             ... with a magic dart
             ... on level 2 of the Dungeon.
             The game lasted 00:02:58 (1429 turns).

BingusPrime the Poker (Merfolk Gladiator)           Turns: 1429, Time: 00:02:58

Health: -6/25      AC:  3    Str: 15    XL:     3   Next: 93%
Magic:  3/3        EV: 20    Int:  7    God:
Gold:   58         SH:  0    Dex: 22    Spells: 2/2 levels left

rFire    . . .     SeeInvis .   a - +0 trident
rCold    . . .     Gourm    .   (no shield)
rNeg     . . .     Faith    .   b - +0 leather armour
rPois    .         Spirit   .   c - +0 helmet
rElec    .         Reflect  .   e - +0 cloak
rCorr    .         Harm     .   (no gloves)
MR       .....                  (no boots)
Stlth    +++.......             (no amulet)
HPRegen  0.08/turn              (no ring)
MPRegen  0.08/turn              (no ring)

@: agile
A: change form in water, swift swim, stealthy swim, thin skeletal structure 1,
deformed body, frail 1
a: no special abilities


You were on level 2 of the Dungeon.
You were hungry.

You visited 1 branch of the dungeon, and saw 2 of its levels.

You collected 58 gold pieces.

Inventory:

Hand Weapons
 a - a +0 trident (weapon)
Missiles
 d - 2 throwing nets
 k - 47 stones (quivered)
Armour
 b - a +0 leather armour (worn)
 c - a +0 helmet (worn)
 e - a +0 cloak (worn)
Scrolls
 g - a scroll of teleportation {unknown}
 j - a scroll of fear {unknown}
Potions
 h - a potion of mutation
Comestibles
 f - 2 bread rations
 i - a royal jelly


   Skills:
 + Level 2.4 Fighting
 * Level 6.4 Polearms
 + Level 2.2 Throwing
 + Level 4.1 Dodging


You had 2 spell levels left.
You didn't know any spells.

Dungeon Overview and Level Annotations

Branches:
Dungeon (2/15)

Altars:
Ashenzari
Gozag

Annotations:
D:2 Sigmund


Innate Abilities, Weirdness & Mutations

You revert to your normal form in water.
You are very nimble and swift while swimming.
You are very stealthy in the water. (Stealth+)
You have a somewhat thin skeletal structure. (Dex +2, Stealth)
Armour fits poorly on your strangely shaped body.
You are frail. (-10% HP)


Message History

* * * LOW HITPOINT WARNING * * *
It was a potion of mutation.
You feel extremely strange.
Your body twists and deforms.
You feel frail.
Your bones become slightly less dense.
Something hits you.
* * * LOW HITPOINT WARNING * * *
Unknown command.
It was a potion of agility.
You feel agile all of a sudden. Something closely misses you.
Unknown command.
Something hits you but does no damage.
You closely miss something. Something closely misses you.
You closely miss something. Something barely misses you.
You miss something. Something closely misses you.
You hit something but do no damage.
You hear some strange, mumbled words.
A magic dart appears from out of thin air!
The magic dart hits you!
You die...

._......# #..# ....#.#.#
#.## ..).#.#.# #.#
..###.#.# #.# #.....#.#
#.# #.#####.# #.# ####
#.##.##.###.######...##
#)......##.....##.....##
...(........####@.$....#
#.########.##..{†.._...#
#.# #.#..##.......# #.#
#.#...##.....## #.#
#.#.#(.##...## ...
#.....(###### ...
###......######. ..
######(....... #........


There were no monsters in sight!

Vanquished Creatures
  2 adders (D:2)
  2 dart slugs (D:1)
  A leopard gecko (D:1)
  A giant cockroach (D:1)
  3 goblins (D:2)
  8 hobgoblins
  4 jackals (D:1)
  3 bats
  2 kobolds
  3 rats
29 creatures vanquished.

Notes
Turn   | Place    | Note
-------+----------+-------------------------------------------
     0 | D:1      | BingusPrime the Merfolk Gladiator began the quest for the Orb.
     0 | D:1      | Reached XP level 1. HP: 16/16 MP: 1/1
   124 | D:1      | Reached XP level 2. HP: 22/22 MP: 2/2
   285 | D:1      | Reached skill level 5 in Polearms
   628 | D:1      | Reached XP level 3. HP: 27/27 MP: 3/3
  1134 | D:2      | Found an opulent altar of Gozag.
  1146 | D:2      | Reached skill level 6 in Polearms
  1405 | D:2      | Noticed Sigmund
  1414 | D:2      | Found a shattered altar of Ashenzari.
  1423 | D:2      | Gained mutation: Armour fits poorly on your strangely shaped body. [potion of mutation]
  1423 | D:2      | Gained mutation: You are frail. (-10% HP) [potion of mutation]
  1423 | D:2      | Gained mutation: You have a somewhat thin skeletal structure. (Dex +2, Stealth) [potion of mutation]
  1429 | D:2      | Killed from afar by Sigmund

Vault maps used:
D:1:      dpeg_arrival_round_a
D:2:      lemuel_round_altar, gammafunk_temple_overflow_arena,
          nicolae_overflow_crystal_walls, minmay_hedge_maze, uniq_sigmund

Skill      XL: |  1  2  3 |
---------------+----------+-----
Polearms       | 5 6 |  6.4
Fighting       | |  2.4
Throwing       | |  2.2
Dodging        | |  4.1

Action                   || total
-------------------------++-------
Melee: Trident           ||   102
Throw: Stone             ||     3
       Throwing net      ||     1
  Use: Potion            ||     2
  Eat: Chunk             ||     1
Armor: Leather armour    ||    21
Dodge: Dodged            ||    57

Table legend:
 A = Spawn XP
 B = Non-spawn XP
 C = Spawn XP percentage of total XP
 D = Spawn monster count
 E = Non-spawn monster count
 F = Spawn count percentage of total count
 G = Total turns spent on level
                    A         B        C        D         E        F      G
               +---------+---------+-------+---------+---------+-------+---------
         Total |       0 |      79 |   0.0 |       0 |      29 |   0.0 |  1429
               +---------+---------+-------+---------+---------+-------+---------
           D:1 |       0 |      40 |   0.0 |       0 |      19 |   0.0 |  1091
           D:2 |       0 |      39 |   0.0 |       0 |      10 |   0.0 |   338
               +---------+---------+-------+---------+---------+-------+---------
